 Dungeon Crawl Stone Soup version 0.27-a0-412-g8dd771eca2 (webtiles) character file.

Game seed: 11280990861242088815

88 siradein the Firebug (level 4, -7/33 HPs)
             Began as a Hill Orc Fire Elementalist on Feb 23, 2021.
             Mangled by a gnoll
             ... wielding a +0 spear
              (9 damage)
             ... on level 2 of the Dungeon.
             The game lasted 00:09:43 (2562 turns).

siradein the Firebug (Hill Orc Fire Elementalist)   Turns: 2562, Time: 00:09:44

Health: -7/33      AC:  2    Str: 10    XL:     4   Next: 53%
Magic:  5/6        EV: 12    Int: 16    God:
Gold:   128        SH:  0    Dex: 11    Spells: 5/6 levels left

rFire    . . .     SeeInvis .   j - +0 halberd
rCold    . . .     Faith    .   (shield currently unavailable)
rNeg     . . .     Spirit   .   a - +0 robe
rPois    .         Reflect  .   (no helmet)
rElec    .         Harm     .   (no cloak)
rCorr    .         Rampage  .   (no gloves)
Will     .....                  (no boots)
Stlth    ++........             (no amulet)
HPRegen  0.11/turn              (no ring)
MPRegen  0.10/turn              (no ring)

@: no status effects
A: no striking features
a: no special abilities


You were on level 2 of the Dungeon.
You visited 1 branch of the dungeon, and saw 2 of its levels.

You collected 128 gold pieces.

Inventory:

Hand Weapons
 j - a +0 halberd (weapon)
Armour
 a - a +0 robe (worn)
Scrolls
 b - 3 scrolls of teleportation {unknown}
 e - a scroll of amnesia {unknown}
 f - a scroll of enchant weapon {unknown}
 h - a scroll of fear {unknown}
 k - a scroll of enchant armour {unknown}
 l - a scroll of identify {unknown}
Potions
 c - a potion of attraction {unknown}
 d - a potion of curing {unknown}
 g - a potion of haste {unknown}
 i - a potion of berserk rage {unknown}


   Skills:
 - Level 1.5 Dodging
 - Level 1.5 Stealth
 - Level 1.5 Spellcasting
 + Level 3.0 Conjurations
 + Level 4.6 Fire Magic


You had 5 spell levels left.
You knew the following spells:

 Your Spells              Type           Power        Failure   Level
a - Foxfire               Conj/Fire      52%          4%          1

Your spell library contained the following spells:

 Spells                   Type           Power        Failure   Level
 Conjure Flame            Conj/Fire      13%          14%         3
 Inner Flame              Hex/Fire       8%           26%         3
 Sticky Flame             Conj/Fire      13%          41%         4
 Fireball                 Conj/Fire      6%           77%         5


Dungeon Overview and Level Annotations

Branches:
Dungeon (2/15)

Altars:


Message History

There is a stone staircase leading up here.
b - 3 scrolls labelled IPER XYVUWO (gained 1)
k - a scroll labelled VAYKLA WAPEXT
l - a scroll labelled YGRODU CUXA A rat comes into view.
A rat is nearby!
Casting: Foxfire (safe; 4% risk of failure)
Press: ? - help, Q - select action Dir - look around, f - activate You conjure some foxfire!
The foxfire hits the rat.
You kill the rat!
Your foxfire dissipates!
Magic restored.
You open the door.
There is an open door here.
You open the door. You open the door.
The gnoll shouts!
A hobgoblin comes into view.
Casting: Foxfire (safe; 4% risk of failure)
Press: ? - help, Q - select action Dir - look around, f - activate You conjure some foxfire!
The foxfire hits the gnoll.
The gnoll is moderately wounded.
The foxfire hits the gnoll.
The gnoll is moderately wounded.
The gnoll barely misses you. The gnoll hits you with a +0 spear!
You barely miss the gnoll.
The gnoll is moderately wounded.
The gnoll hits you with a +0 spear!
You closely miss the gnoll.
The gnoll is moderately wounded.
The gnoll hits you with a +0 spear! x2
* * * LOW HITPOINT WARNING * * *
You barely miss the gnoll.
The gnoll is moderately wounded.
The gnoll closely misses you.
The gnoll hits you from afar with a +0 spear!
You die...

#+ ######.......#. #.#
#.......## #.# #.......##
+.+ #......... #.#
#.....##.. #.# #.######.#
###+###.###'###. #.##.#
+........gg...'. #.....
##+###@###+###. #.#### #.#
#.# #.###.###.# #.#
#...'.'...# #.# #.####
#####.##### #.# #..... #.#
#.# #.....
..#######'#######.# #.....
..................# #.....
.........#####....###.....


You could see a gnoll and a hobgoblin.

Vanquished Creatures
  5 gnolls (D:2)
  A worm (D:2)
  A dart slug (D:1)
  2 bats (D:2)
  3 giant cockroaches
  6 goblins (D:1)
  4 hobgoblins
  3 kobolds (D:1)
  2 quokkas (D:2)
  A ball python (D:1)
  3 frilled lizards
  4 rats
35 creatures vanquished.

Vanquished Creatures (others)
  122 foxfires
122 creatures vanquished.

Grand Total: 157 creatures vanquished

Notes
Turn   | Place    | Note
-------+----------+-------------------------------------------
     0 | D:1      | siradein the Hill Orc Fire Elementalist began the quest for
                  | the Orb.
     0 | D:1      | Reached XP level 1. HP: 14/14 MP: 3/3
   316 | D:1      | Reached XP level 2. HP: 15/20 MP: 1/4
  1088 | D:1      | Reached XP level 3. HP: 26/26 MP: 1/5
  1316 | D:2      | Reached skill level 4 in Fire Magic
  1733 | D:2      | Reached XP level 4. HP: 28/33 MP: 2/6
  2562 | D:2      | Mangled by a gnoll

Illustrated notes

Levels and vault maps discovered:
D:1:      dpeg_arrival_fog, layout_basic
D:2:      layout_basic, minmay_door_square

Skill      XL: |  1  2  3  4 |
---------------+-------------+-----
Conjurations   | 2 3 |  3.0
Fire Magic     | 4 |  4.6
Dodging        | |  1.5
Stealth        | |  1.5
Spellcasting   | |  1.5

Action                   |  1- 3 |  4- 6 || total
-------------------------+-------+-------++-------
Melee: Unarmed           |    21 |     4 ||    25
       Halberd           |       |     4 ||     4
 Cast: Foxfire           |    55 |    14 ||    69
Armor: Robe              |     8 |     1 ||     9
Dodge: Dodged            |    39 |     9 ||    48

Table legend: (Time is in decaauts)
 A = Elapsed time spent in this place.
 B = Non-inter-level travel time spent in this place.
 C = Inter-level travel time spent in this place.
 D = Time resting spent in this place.
 E = Time spent auto-exploring this place.
 F = Levels seen in this place.
 G = Mean time per level.
                   A        B        C        D        E       F      G
               +--------+--------+--------+--------+--------+-----+--------+
         Total |   2565 |   2541 |     24 |    297 |   1682 |   2 | 1282.5 |
       Dungeon |   2565 |   2541 |     24 |    297 |   1682 |   2 | 1282.5 |
               +--------+--------+--------+--------+--------+-----+--------+

Top non-repeatable levels by time:
     D:1: 1693 daAuts
     D:2: 872 daAuts
